Cogmind - Beta 17 @@@ ROGUE MODE // 2026.07.11 @ 18:25:41 Player: hubert Result: Destroyed by H-55 Commando with Gauss Rifle Performance ------------- Evolutions (0) 0 Regions Visited (3) 600 Robots Destroyed (14) 70 Value Destroyed (362) 362 Prototype IDs (0) 0 Alien Tech Used (0) 0 Bonus (0) 0 TOTAL SCORE: 1032 Bonus ------- None Cogmind --------- Core Integrity 0/250 Matter 400/400 Energy 250/250 System Corruption 0% Temperature Cool (40) Movement Rolling (90) Location -8/Recycling Parts ------- > --- POWER (1) -------- Ion Engine > --- PROPULSION (2) --- Armored Wheel Armored Wheel > --- UTILITY (2) ------ Medium Matter Pod Improved Targeting Computer > --- WEAPON (2) ------- Small Laser > --- INVENTORY (5) ---- Light Ion Engine Scrap Shield Grenade Launcher Datajack Peak State ------------ > --- POWER ------------ Ion Engine > --- PROPULSION ------- Armored Wheel Armored Wheel > --- UTILITY ---------- Medium Matter Pod Improved Targeting Computer > --- WEAPON ----------- Small Laser Battle Rifle > --- INVENTORY -------- Light Ion Engine Scrap Shield Grenade Launcher Datajack [Rating: 11] Favorites ----------- Power Ion Engine Engine Ion Engine Propulsion Armored Wheel Leg Aluminum Leg Wheel Armored Wheel Utility Improved Targeting Computer Storage Medium Matter Pod Processor Improved Targeting Computer Protection Light Armor Plating Weapon Small Laser Energy Gun Small Laser Ballistic Gun Light Assault Rifle Build | -11 -10 -10 -8 ------- Run | Yrd Mat Sub Rec Slots Evolved . | . . . . Power . | . . . . Propulsion . | . . . . Utility . | . . . . Weapon . | . . . . Parts Attached 16 | 7 8 1 . Power 2 | 1 1 . . Engine 2 | 1 1 . . Core . | . . . . Reactor . | . . . . Propulsion 6 | 4 2 . . Treads . | . . . . Leg 2 | 2 . . . Wheel 4 | 2 2 . . Hover . | . . . . Flight . | . . . . Utility 3 | . 3 . . Device . | . . . . Storage 1 | . 1 . . Processor 1 | . 1 . . Hackware . | . . . . Protection 1 | . 1 . . Artifact . | . . . . Weapon 5 | 2 2 1 . Energy Gun 2 | 1 1 . . Energy Cannon . | . . . . Ballistic Gun 3 | 1 1 1 . Ballistic Cannon . | . . . . Launcher . | . . . . Special Weapon . | . . . . Impact Weapon . | . . . . Slashing Weapon . | . . . . Piercing Weapon . | . . . . Special Melee Weapon . | . . . . Unidentified Prototypes . | . . . . Parts Lost 7 | . 6 . 1 Power 1 | . 1 . . Propulsion 2 | . 2 . . Utility 1 | . 1 . . Weapon 3 | . 2 . 1 Highest Loss Streak 3 | . 3 . 1 To Critical Strikes . | . . . . Average Backups 4 | 3 4 4 4 Power . | . . 1 1 Propulsion 1 | 2 . . . Utility . | . . 1 1 Weapon 1 | 1 1 1 1 Tool/Special . | . . . . Unused Backups 5 | . 1 . 4 Power 1 | . . . 1 Propulsion 1 | . 1 . . Utility 1 | . . . 1 Weapon 1 | . . . 1 Tool/Special 1 | . . . 1 Average Slot Usage (%) 89 | . 86 98 100 Engine 12 | . 11 14 14 Leg 6 | . 9 . . Wheel 19 | . 16 28 28 Storage 6 | . 4 12 14 Processor 8 | . 7 14 14 Protection 6 | . 8 . . Energy Gun 13 | . 13 14 14 Ballistic Gun 13 | . 13 14 14 Peak Build Rating 11 | 5 10 11 11 Average Rating 7 | 4 7 10 10 On Entrance 6 | . 5 9 11 Avg Prop Armor Cover (%) 11 | . 11 . . Naked Turns . | . . . . Heaviest Build 12 | 6 12 10 10 Greatest Support 24 | 20 24 24 24 Greatest Overweight (x) 1 | . 1 . . Average Overweight (x) . | . . . . Largest Inventory Capacity 5 | 5 5 5 5 Average Capacity 5 | 5 5 5 5 Most Carried 5 | 5 5 5 5 Average Carried 4 | 3 4 4 5 Final Capacity 5 | 5 5 5 5 Final Carried 5 | 4 4 5 5 Class Distribution -------------------- 100% | Mutant Dominant Class ---------------- Mutant | -10/Materials Mutant | -10/Subcaves Mutant | -8/Recycling Resources | -11 -10 -10 -8 ----------- Run | Yrd Mat Sub Rec Matter Collected 586 | 282 257 47 . Remotely . | . . . . Salvage Created 404 | 38 329 37 . Parts 30 | 1 28 1 . Haulers Intercepted . | . . . . Recyclers Shooed . | . . . . Parts Field Recycled . | . . . . Retrieved Matter . | . . . . Parts Self-Destructed 5 | . . 5 . Prevented . | . . . . Parts Restored . | . . . . Kills | -11 -10 -10 -8 ------- Run | Yrd Mat Sub Rec Combat Hostiles Destroyed 14 | 1 12 1 . Guns 14 | 1 12 1 . Classes Destroyed 3 | 1 1 1 . Swarmer 5 | . 5 . . Grunt 8 | 1 7 . . Subdweller 1 | . . 1 . Best Kill Streak 5 | 1 5 1 . Combat Bots Only 5 | 1 5 1 . Max Kills in Single Turn 1 | 1 1 1 . Gunslinging . | . . . . Exploded . | . . . . Melee . | . . . . Uniques/NPCs Destroyed . | . . . . Combat | -11 -10 -10 -8 -------- Run | Yrd Mat Sub Rec Hostile Shots Fired 143 | 4 96 31 12 Missed 43 | 1 27 15 . Hits 100 | 3 69 16 12 Projectile 100 | 3 69 16 12 Critical Strikes 1 | . . . 1 Damage Taken 1129 | 33 750 164 182 Core 262 | 12 161 43 46 Absorbed by Shields . | . . . . Core Remaining (%) 95 | 95 . . . Volleys Fired 50 | 4 35 9 2 Largest 2 | 2 2 2 2 Hottest 65 | 60 60 65 65 Shots Fired 95 | 8 66 18 3 Gun 95 | 8 66 18 3 Cannon . | . . . . Launcher . | . . . . Special . | . . . . Kinetic 48 | 4 34 9 1 Thermal 47 | 4 32 9 2 Explosive . | . . . . Electromagnetic . | . . . . Robot Hit Streak 17 | 2 8 17 1 Robot Miss Streak 2 | 1 2 1 1 Penetration Max . | . . . . Secondary Targets 3 | . 2 1 . Max Gunslinging Chain 1 | . 1 1 . Shots Hit Robots 65 | 4 45 15 1 Core Hits 25 | 2 21 2 . Critical Kills . | . . . . Critical Parts Destroyed . | . . . . Critical Strikes . | . . . . Melee Attacks . | . . . . Impact . | . . . . Slashing . | . . . . Piercing . | . . . . Sneak Attacks . | . . . . Combat Hostiles . | . . . . Follow-up Attacks . | . . . . Damage Inflicted 738 | 50 521 160 7 Guns 738 | 50 521 160 7 Cannons . | . . . . Explosions . | . . . . Melee . | . . . . Ramming . | . . . . Kinetic 395 | 26 279 83 7 Thermal 343 | 24 242 77 . Explosive . | . . . . Electromagnetic . | . . . . Impact . | . . . . Slashing . | . . . . Piercing . | . . . . Highest Corruption . | . . . . Average Corruption . | . . . . Corruption Purged . | . . . . Corruption Blocked . | . . . . Overload Shots . | . . . . Overflow Damage . | . . . . Projectiles . | . . . . Explosions . | . . . . Melee . | . . . . Knockbacks . | . . . . Impact . | . . . . Kinetic . | . . . . Secondary . | . . . . Self-Inflicted Damage . | . . . . Shots . | . . . . Rammed . | . . . . Targets Rammed . | . . . . Kicked . | . . . . Crushed . | . . . . Highest Temperature 42 | 32 35 22 42 Average Temperature 12 | 20 9 15 35 Received Heat Transfer 516 | 18 360 84 54 Siege Activations . | . . . . Martial Activations . | . . . . Shielding Activations . | . . . . Robots Disrupted . | . . . . Combat Hostiles . | . . . . Robots Corrupted . | . . . . Combat Hostiles . | . . . . Parts Fried . | . . . . Impact Corruptions . | . . . . Robots Melted . | . . . . Combat Hostiles . | . . . . Parts Melted 2 | . 2 . . Heat Transferred 775 | 50 550 175 . Parts Sabotaged . | . . . . Parts Stolen . | . . . . Parts Stripped . | . . . . Power Chain Reactions . | . . . . Alert | -11 -10 -10 -8 ------- Run | Yrd Mat Sub Rec Maximum Alert Level . | . . . . Low Security (%) 100 | 100 100 . 100 Level 1 . | . . . . Level 2 . | . . . . Level 3 . | . . . . Level 4 . | . . . . Level 5 . | . . . . High Security . | . . . . Max Security . | . . . . Peak Influence 191 | 20 191 . . Initial . | . . . . Average 57 | 1 90 . . Influence Increases 361 | 20 341 . . Destroy 0b10 Robot/C 260 | 20 240 . . Destroy Leader 40 | . 40 . . Destroy Structure 1 | . 1 . . Lose Combat Pursuer 60 | . 60 . . Influence Decreases 361 | 20 308 33 . Entered New Map 17 | . . 17 . Time Decay 284 | 20 248 16 . Lost Part 60 | . 60 . . Squads Dispatched 4 | . 4 . . Investigation 2 | . 2 . . Extermination . | . . . . Reinforcement 2 | . 2 . . Assault . | . . . . Garrison . | . . . . Intercept . | . . . . Searches Triggered . | . . . . Construction Impeded . | . . . . Haulers Reinforced . | . . . . Active Scanning Responses . | . . . . Cargo Convoy Interrupts . | . . . . Stealth | -11 -10 -10 -8 --------- Run | Yrd Mat Sub Rec Distress Signals 1 | . 1 . . Communications Jammed . | . . . . Distress Signals . | . . . . Times Spotted 37 | 1 24 9 3 Peak Tracking Total 8 | 1 8 5 3 Tactical Retreats 2 | . 2 . . Traps | -11 -10 -10 -8 ------- Run | Yrd Mat Sub Rec Traps Triggered 1 | . 1 . . Indirectly . | . . . . Trap Hack Attempts . | . . . . Triggered . | . . . . Disarmed . | . . . . Reprogrammed . | . . . . Reused . | . . . . Traps Extracted . | . . . . Installed . | . . . . Triggered . | . . . . Machines | -11 -10 -10 -8 ---------- Run | Yrd Mat Sub Rec Machines Disabled . | . . . . Max in Single Turn . | . . . . Machines Repaired . | . . . . Machines Dismantled . | . . . . Machines Sabotaged . | . . . . Overloaded Fab Kills . | . . . . Hacking | -11 -10 -10 -8 --------- Run | Yrd Mat Sub Rec Machines Accessed 4 | . 4 . . Terminals 3 | . 3 . . Fabricators . | . . . . Repair Stations 1 | . 1 . . Recycling Units . | . . . . Scanalyzers . | . . . . Garrison Access . | . . . . Total Hacks 10 | . 10 . . Successful 5 | . 5 . . Failed 5 | . 5 . . Catastrophic 1 | . 1 . . Database Lockouts . | . . . . Manual . | . . . . Terminals 8 | . 8 . . Fabricators . | . . . . Repair Stations 2 | . 2 . . Recycling Units . | . . . . Scanalyzers . | . . . . Garrison Access . | . . . . Terminal Hacks 4 | . 4 . . Record 2 | . 2 . . Alert Level 2 | . 2 . . Fabricator Hacks . | . . . . Repair Station Hacks 1 | . 1 . . Scan Component 1 | . 1 . . Recycling Unit Hacks . | . . . . Scanalyzer . | . . . . Garrison Access Hacks . | . . . . Unauthorized Hacks . | . . . . Terminals . | . . . . Fabricators . | . . . . Repair Stations . | . . . . Recycling Units . | . . . . Scanalyzers . | . . . . Garrison Access . | . . . . Data Cores Recovered . | . . . . Used . | . . . . Hacking Detections 3 | . 3 . . Full Trace Events 1 | . 1 . . Feedback Events . | . . . . Feedback Blocked . | . . . . Robot Schematics Acquired . | . . . . Robots Built . | . . . . Authchips . | . . . . Time . | . . . . Total Robot Build Rating . | . . . . Part Schematics Acquired . | . . . . Parts Built . | . . . . Authchips . | . . . . Time . | . . . . Total Part Build Rating . | . . . . Part Studies Acquired . | . . . . Parts Repaired . | . . . . Time . | . . . . Parts Recycled . | . . . . Recycled Matter . | . . . . Retrieved Matter . | . . . . Retrieved Components . | . . . . Parts Scanalyzed . | . . . . Part Schematics Acquired . | . . . . Parts Damaged . | . . . . Bothacking | -11 -10 -10 -8 ------------ Run | Yrd Mat Sub Rec Used RIF Installer . | . . . . Robots Hacked . | . . . . Non-combat . | . . . . Combat . | . . . . Robot Hacks Applied . | . . . . Relay Couplers Released . | . . . . Fabnet Peak Effective % . | . . . . Robots Rewired . | . . . . Allies Hacked . | . . . . Hacks Repelled . | . . . . Allies | -11 -10 -10 -8 -------- Run | Yrd Mat Sub Rec Total Allies . | . . . . Largest Group . | . . . . Highest-Rated Group . | . . . . Highest-Rated Ally . | . . . . Total Orders . | . . . . Ally Attacks . | . . . . Total Damage . | . . . . Kills . | . . . . Allies Corrupted . | . . . . Allies Melted . | . . . . Intel | -11 -10 -10 -8 ------- Run | Yrd Mat Sub Rec Active Infowar (turns) . | . . . . Robot Analysis Total . | . . . . Derelict Logs Recovered . | . . . . Drone Launches . | . . . . Drone Recoveries . | . . . . Exploration | -11 -10 -10 -8 ------------- Run | Yrd Mat Sub Rec Turns Passed 1116 | 282 611 145 78 Spaces Moved 967 | 253 517 125 72 Core 34 | 34 . . . Treads . | . . . . Legs 227 | 131 96 . . Wheels 706 | 88 421 125 72 Hover . | . . . . Flight . | . . . . Fastest Speed 50 | 50 80 90 90 Average Speed 93 | 96 92 90 90 Slowest Speed 120 | 120 120 90 90 Overloaded Moves . | . . . . Propulsion Burnouts . | . . . . Robots Hopped . | . . . . Potential Cave-ins . | . . . . Cave-ins Triggered . | . . . . Exploration Rate (%) 23 | 6 54 12 22 Regions Visited 3 Branch Regions 2 Pre-discovered Areas . | . . . . Known Exits Taken . | . . . . Unknown Exits Taken 3 | 1 1 1 . Scrap Searched . | . . . . Spaces Dug . | . . . . Terrain Destroyed . | . . . . Melee . | . . . . Projectile . | . . . . AOE . | . . . . Terrain Rammed . | . . . . Walls Destroyed . | . . . . Machines Disabled . | . . . . Actions | -11 -10 -10 -8 --------- Run | Yrd Mat Sub Rec Total 1087 | 283 581 140 83 Wait 24 | 8 13 3 . Move 964 | 252 516 124 72 Hop . | . . . . Pick Up 15 | 10 4 1 . Fast Attach 5 | . 4 1 . Attach 11 | 7 3 1 . Detach 1 | 1 . . . Swap 3 | . 3 . . Drop 5 | 1 3 1 . Fire 50 | 4 35 9 2 Melee . | . . . . Ram . | . . . . Kick . | . . . . Crush . | . . . . Escape Stasis . | . . . . Rewire 9 | . . . 9 Trap . | . . . . Miscellaneous . | . . . . Route ------- -11/Scrapyard -10/Materials (discovered 3 exits: [*Mat] / [*Min] / [*Sub]) -10/Subcaves -8/Recycling History --------- Turn | Location | Event 2 | -11/Scrapyard | Met Revision 17 61 | -11/Scrapyard | Discovered new exit (range 8) 283 | -11/Scrapyard | Entered Materials 303 | -10/Materials | Build established: Mutant 362 | -10/Materials | Discovered new exit (range 10) 552 | -10/Materials | Lost 3 parts (2n1w) 832 | -10/Materials | Discovered new exit (range 9) 844 | -10/Materials | Discovered new exit (range 8) 872 | -10/Materials | Core integrity fell below 50% 894 | -10/Materials | Entered Subcaves 895 | -10/Subcaves | Approached by a straggling Scientist 972 | -10/Subcaves | Ambushed by swarm of Subdwellers 980 | -10/Subcaves | Core integrity fell below 20% 1011 | -10/Subcaves | Discovered new exit (range 13) 1039 | -10/Subcaves | Entered Recycling 1040 | -8/Recycling | Met a Zionite searching for Scraptown 1117 | -8/Recycling | Destroyed by H-55 Commando with Gauss Rifle Last Messages --------------- place, but almost no one seems to know where to find it, only that you access it somewhere from Recycling here." NZ-NC4(z): "Anyway I've been here searching too long already, time to slink back to the caves before I'm caught. You'd best do the same." Attempting to rewire I-25 Savior. Attempting to rewire Y-45 Defender. Y-45 Defender is dormant, system inaccessible. Attempting to rewire R-06 Scavenger. Attempting to rewire P-60 Hacker. P-60 Hacker cannot be rewired. Y-45 Defender springs to life. H-55 Commando springs to life. Attempting to rewire P-60 Hacker. P-60 Hacker cannot be rewired. G-47 Trooper springs to life. Attempting to rewire A-02 Transporter. Battle Rifle destroyed. [Achievement: First Step to Greatness] Map ----- +----------------------------------------------------+ | ?????????????????????????????????????????????????? | | ?????????????????????????????????????????????????? | | ?????????????????????????????????????????????????? | | ?????????????????????????????????????????????????? | | ?????????????????????????????????????????????????? | | ?????????????????????????????????????????????????? | | ?????????????????????????????????????????????????? | | ?????????????????????????????????????????????????? | | ?????????????????????????????????????????????????? | | ?????????????????????????????????????????????????? | | ?????????????????????????????????????????????????? | | ????????????????? ????????????????????????????? | | ??????????????? ????????????????????????????? | | ?????????????? ????????????????????????????? | | ?????????????"" ????????????????????????????? | | ???????????? "" ????????????????????????????? | | ?????????????"" ????????????????????????????? | | ???????#????"" ????????????????????????????? | | ??????? ? """ ????????????????????????????? | | ???????# """ ????????????????????????????? | | ???????# """ #????????????????????????????? | | ???????# " #????????????????????????????? | | ???????# #????????????????????????????? | | ???????# ############?????????????????? | | ????? # YY a r#?????????????????? | | ????? +!irh@p ! #?????????????????? | | ????? ##### #* irlg/ #?????????????????? | | ????????????# ????# # s ga ]Yr#?????????????????? | | ????????????# #???# ######+#####?????????????????? | | ????????????# #???# #????????????????????????????? | | ????????##### #???# #????????????????????????????? | | ????????# #/#####+##???????????????????????????? | | ????????# # #???????????????????????????? | | ????????# # "" #???????????????????????????? | | ????????# # "" #???????????????????????????? | | ????????# # T" #???????????????????????????? | | ????????+ + "" #???????????????????????????? | | ????????# # "" + ????????????????????????? | | ????????# # ####????????????????????????? | | ????????# # #???????????????????????????? | | ????????# # #???????????????????????????? | | ????????# ##########???????????????????????????? | | ????????# #????????????????????????????????????? | | ######### ###########??????????????????????????? | | # # ! #??????????????????????????? | | # # !! #??????????????????????????? | | + + ! !! #??????????????????????????? | | # #! #??????????????????????????? | | # # !#??????????????????????????? | | # # #??????????????????????????? | +----------------------------------------------------+ Best States ------------- Heat Dissipation 25 Energy Generation 10 Energy Capacity 250 Matter Stores 400 Matter Capacity 400 Sight Range 16 Terrain Scan Density 10 Armor Coverage 150 Evasion (%) 55 Targeting Accuracy 6 Item Schematics ----------------- None Robot Schematics ------------------ None Fabricated ------------ Nothing Repaired ---------- Nothing Studied --------- None Alien Tech Used ----------------- None Achievements -------------- Crack Shot First Step to Greatness Ghost 'Em One Hack Too Far There's More Where That Came From Uninvited Guest Challenges ------------ None Game ------ Seed SpreadEfficiencySystem Manual? 0 Play Time 00:29:08 Cumulative 0.4 hours Start 2026.07.11 @ 17:54:58 End 2026.07.11 @ 18:25:41 Sessions 1 Manual Loads 0 Difficulty Rogue Special Mode None Game No. 1 Rogue 1 Adventurer 0 Explorer 0 Win Type - Total 0 Types 0/0/0/0/0/0/0/0/0/0 Lore% 0 Gallery% 0 Achievement% 1 Wizard Run 0 Options --------- Layout 1 ASCII 0 Keyboard 0 Movement Mouse Keybinds 0 Fullscreen 1 Font 48/Smallcaps Map View 50x35 Zoom Use 0% Tactical HUD 0 Map Filters NONE Filters NONE Steam 1 RUN: 1cca92cf-c03b-44d4-ac75-4cb8c18d2576